 Dungeon Crawl Stone Soup version 0.26-a0-850-g97a50ab700 (webtiles) character file.

Game seed: 9283853374341061904

5041 runemasterragnar the Sneak (level 10, -4/66 HPs)
             Began as an Octopode Fighter on Nov 21, 2020.
             Was an Initiate of Gozag.
             Slain by a wyvern (14 damage)
             ... on level 8 of the Dungeon.
             The game lasted 00:17:11 (14129 turns).

runemasterragnar the Sneak (Octopode Fighter)      Turns: 14129, Time: 00:17:12

Health: -4/66      AC:  1    Str: 16    XL:     10   Next: 55%
Magic:  13/13      EV: 14    Int: 20    God:    Gozag
Gold:   1957       SH: 11    Dex: 11    Spells: 5/13 levels left

rFire    . . .     SeeInvis .   q - +0 scimitar
rCold    . . .     Faith    .   b - +1 kite shield
rNeg     . . .     Spirit   .   (helmet restricted)
rPois    +         Reflect  .   (no amulet)
rElec    .         Harm     .   f - +6 ring of intelligence
rCorr    .         Rampage  .   v - ring of poison resistance
MR       +....                  s - ring of protection from magic
Stlth    ++++......             (no ring)
HPRegen  0.21/turn              (no ring)
MPRegen  0.13/turn              (no ring)
                                (no ring)
                                (no ring)

@: gold aura
A: almost no armour, stealthy swim, amphibious, 8 rings, constrict 8, camouflage
1, gelatinous body 1
a: Potion Petition, Call Merchant, Bribe Branch, Renounce Religion


You were on level 8 of the Dungeon.
You worshipped Gozag.
Gozag was most pleased with you.
You visited 2 branches of the dungeon, and saw 9 of its levels.
You also visited: Sewer and Bailey.

You collected 1999 gold pieces.
You paid 42 gold pieces to Gozag.

Inventory:

Hand Weapons
 n - a cursed +2 long sword of freezing
 q - a +0 scimitar (weapon)
Missiles
 e - 8 poisoned darts (quivered)
 m - 43 boomerangs
Armour
 b - a +1 kite shield (worn)
Magical Staves
 p - an uncursed staff of earth
Jewellery
 f - a +6 ring of intelligence (left tentacle)
 s - a ring of protection from magic (on tentacle)
 v - a ring of poison resistance (right tentacle)
Wands
 t - a wand of paralysis (8)
Scrolls
 g - 3 scrolls of teleportation
 h - 2 scrolls of amnesia
 w - a scroll of identify
 x - a scroll of fog {unknown}
Potions
 a - a potion of ambrosia
 c - 2 potions of might
 i - a potion of brilliance
 j - 9 potions of curing
 k - 4 potions of heal wounds
 l - 3 potions of flight
 o - a potion of lignification
 u - a potion of degeneration {unknown}


   Skills:
 - Level 5.4 Fighting
 - Level 6.7 Long Blades
 + Level 6.1 Dodging
 + Level 7.7 Stealth
 + Level 6.2 Shields
 - Level 4.1 Unarmed Combat
 + Level 2.4 Spellcasting
 * Level 4.0 Conjurations
 * Level 4.0 Fire Magic
 * Level 4.8 Poison Magic


You had 5 spell levels left.
You knew the following spells:

 Your Spells              Type           Power        Failure   Level
a - Magic Dart            Conj           ###.         9%          1
b - Sticky Flame          Conj/Fire      ###.....     65%         4
c - Mephitic Cloud        Conj/Pois/Air  ##......     38%         3

Your spell library contained the following spells:

 Spells                   Type           Power        Failure   Level
 Foxfire                  Conj/Fire      ###.         9%          1
 Poisonous Vapours        Pois/Air       ##....       26%         2
 Conjure Flame            Conj/Fire      ###.....     26%         3
 Animate Skeleton         Necr           #.....       43%         1
 Apportation              Tloc           #.....       43%         1
 Corona                   Hex            #......      43%         1
 Summon Small Mammal      Summ           #...         43%         1
 Inner Flame              Hex/Fire       ##......     52%         3
 Blink                    Tloc           N/A          56%         2
 Call Imp                 Summ           #.......     56%         2
 Slow                     Hex            #.......     56%         2
 Fireball                 Conj/Fire      ###.......   94%         5
 Freezing Cloud           Conj/Ice/Air   #.........   100%        6


Dungeon Overview and Level Annotations

Branches:
Dungeon (8/15)             Temple (1/1) D:4           Sewer (visited)
 Bailey (visited)
   Lair: D:8-11

Altars:
Ashenzari
Cheibriados
Dithmenos
Elyvilon
Fedhas
Gozag
Kikubaaqudgha
Makhleb
Nemelex Xobeh
Qazlal
Ru
Sif Muna
Trog
Uskayaw
Vehumet
Wu Jian
Xom
Yredelemnul
Zin
The Shining One

Annotations:
D:4 1 runed translucent door, bande's ghost, novice GrFi


Innate Abilities, Weirdness & Mutations

You cannot wear most types of armour.
You are very stealthy in the water. (Stealth+)
You are amphibious.
You can wear up to eight rings at the same time.
You can use your tentacles to constrict eight enemies at once.
Your skin changes colour to match your surroundings (Stealth+).
Your rubbery body absorbs attacks. (AC +1, EV +1)


Message History

Your Conjurations skill increases to level 4!
Your Fire Magic skill increases to level 4!
You feel much better. The boulder beetle bites you!!
* * * LOW HITPOINT WARNING * * *
Evoke which item? (* to show all) (? for menu, Esc to quit)
Aiming: Paralyse
Press: ? - help, Shift-Dir - straight line, f - boulder beetle
Aim: a boulder beetle (chance to defeat MR: 28%)
The boulder beetle suddenly stops moving!
The helpless boulder beetle fails to defend itself.
You hit the boulder beetle but do no damage.
You squeeze the boulder beetle!
The boulder beetle is lightly wounded.
The helpless boulder beetle fails to defend itself.
You hit the boulder beetle but do no damage.
You squeeze the boulder beetle.
The boulder beetle is lightly wounded.
You block the wyvern's attack. The wyvern bites you!
You die...
Your body crumbles into a pile of gold.

****** #.##.#.....
*,,,,*########.##.#.#...
*,**,,,...#....##.#.#.##
*,#######.#.#####.#.#...
*,#........(# #...####
*,*.####..### #####**#
********#....# *,,.,#
*,,8,,####.###**** *,*#.*
*,8_8,#...@#,,,,,#####.##.#
*,,8,,#...lB.#**,>.........
*≈≈,≈≈#$..#### *,*#..#≈≈≈≈≈
*,≈,≈,#...* *,<#.....###
*≈≈,≈≈#..#* ***##....#..
*,,,,,..#* #≈....##.
*,,,,..#* #≈.......
*,,,...* #≈###.... *,,,,,,*
#≈#[#....


You could see a boulder beetle (paralysed) and a wyvern.

Vanquished Creatures
  A two-headed ogre (D:8)
  Pikel (D:8)
  Maurice (D:8)
  A meliai (D:8)
  3 orc warriors (Bailey)
  A phantom (D:6)
  A black bear (D:7)
  2 sky beasts (D:7)
  3 ice beasts
  A necrophage (D:7)
  2 ogres
  2 centaurs
  A lemure (D:8)
  4 big kobolds
  A bullfrog (D:8)
  A water moccasin skeleton (D:8)
  8 killer bees
  8 wights
  A howler monkey (D:6)
  3 hounds
  An orc priest (D:5)
  Terence (D:2)
  3 iguanas
  2 jellies (D:8)
  A centaur skeleton (D:5)
  5 orc wizards
  4 worker ants
  5 gnolls
  2 worker ant zombies
  12 adders
  10 river rats (Sewer)
  3 shadow imps
  3 white imps
  4 oozes
  An adder skeleton (D:4)
  4 worms
  A dart slug (D:3)
  7 leopard geckos
  19 orcs
  7 ball pythons
  9 bats
  2 giant cockroaches
  12 goblins
  12 hobgoblins
  7 jackals
  8 quokkas
  3 frilled lizards
  33 kobolds
  A quokka zombie (D:5)
  22 rats
250 creatures vanquished.

Notes
Turn   | Place    | Note
-------+----------+-------------------------------------------
     0 | D:1      | runemasterragnar the Octopode Fighter began the quest for
                  | the Orb.
     0 | D:1      | Reached XP level 1. HP: 16/16 MP: 1/1
    26 | D:1      | Reached XP level 2. HP: 21/21 MP: 2/2
    48 | D:1      | Reached skill level 1 in Stealth
   601 | D:1      | You fall into a shaft and drop 1 floor!
   602 | D:2      | Noticed Terence
   607 | D:2      | Reached XP level 3. HP: 26/26 MP: 3/3
   617 | D:2      | Killed Terence
   751 | D:2      | Reached skill level 1 in Unarmed Combat
   751 | D:2      | Reached XP level 4. HP: 24/31 MP: 4/4
  1197 | D:2      | Reached skill level 2 in Stealth
  1220 | D:2      | Found an ornate altar of the Wu Jian Council.
  1638 | D:3      | Found a blossoming altar of Fedhas.
  1653 | D:3      | Reached XP level 5. HP: 33/36 MP: 5/5
  2294 | D:3      | Reached XP level 6. HP: 4/42 MP: 6/6
  2816 | D:3      | Found a stormy altar of Qazlal.
  2816 | D:3      | Found a radiant altar of Vehumet.
  2816 | D:3      | Found a snail-covered altar of Cheibriados.
  3001 | D:3      | Reached skill level 3 in Stealth
  3405 | D:4      | Found a glowing drain.
  3416 | Sewer    | Entered a sewer
  4518 | Sewer    | Reached XP level 7. HP: 32/47 MP: 7/7
  5704 | D:4      | Found a staircase to the Ecumenical Temple.
  5742 | Temple   | Entered the Ecumenical Temple
  5940 | Temple   | Became a worshipper of Gozag Ym Sagoz the Greedy
  5965 | D:4      | Reached skill level 4 in Stealth
  6296 | D:4      | Found a runed translucent door.
  6304 | D:4      | Noticed bande's ghost (novice GrFi)
  6700 | D:5      | Entered Level 5 of the Dungeon
  6856 | D:5      | Found a burning altar of Makhleb.
  6856 | D:5      | Found a bloodstained altar of Trog.
  6863 | D:5      | Reached skill level 5 in Long Blades
  6983 | D:5      | Found a white marble altar of Elyvilon.
  6983 | D:5      | Found a glowing golden altar of the Shining One.
  6984 | D:5      | Found a glowing silver altar of Zin.
  7037 | D:5      | Reached XP level 8. HP: 54/54 MP: 8/8
  8029 | D:6      | Reached skill level 5 in Stealth
  9357 | D:7      | Reached skill level 5 in Fighting
  9605 | D:7      | Reached skill level 5 in Dodging
  9605 | D:7      | Reached skill level 5 in Shields
 10283 | D:7      | Reached skill level 6 in Stealth
 10283 | D:7      | Reached XP level 9. HP: 48/61 MP: 9/9
 10818 | D:7      | HP: 3/61 [something (5)]
 10840 | D:7      | Learned a level 1 spell: Apportation
 10843 | D:7      | Learned a level 1 spell: Magic Dart
 10848 | D:7      | Learned a level 4 spell: Sticky Flame
 10852 | D:7      | Learned a level 3 spell: Mephitic Cloud
 11547 | D:8      | Reached skill level 1 in Poison Magic
 11562 | D:8      | Found a flagged portal.
 11629 | Bailey   | Entered a bailey
 11767 | Bailey   | Reached skill level 1 in Conjurations
 11767 | Bailey   | Reached skill level 1 in Fire Magic
 11781 | Bailey   | Found an iron altar of Okawaru.
 12097 | D:8      | Found a sacrificial altar of Ru.
 12150 | D:8      | Reached skill level 1 in Spellcasting
 12482 | D:8      | Noticed Pikel
 12516 | D:8      | Killed Pikel
 12517 | D:8      | Reached skill level 7 in Stealth
 12517 | D:8      | Reached XP level 10. HP: 66/66 MP: 10/12
 13091 | D:8      | Noticed Maurice
 13095 | D:8      | Noticed a two-headed ogre
 13101 | D:8      | Killed Maurice
 14124 | D:8      | Noticed a boulder beetle
 14125 | D:8      | Killed a two-headed ogre
 14129 | D:8      | Slain by a wyvern

Illustrated notes

Levels and vault maps discovered:
D:1:      onia_arrival_handbag, layout_basic, serial_forest,
          infiniplex_forest_straight_3, infiniplex_forest_end_double,
          infiniplex_forest_corner_1, infiniplex_forest_clump_double,
          infiniplex_forest_straight_3, infiniplex_forest_lined_2
D:2:      layout_basic, marbit_many_paths, minmay_misc_feat_tiny, uniq_terence
D:3:      layout_basic, fedhas_altar_3, gammafunk_temple_overflow_claw,
          minivault_26, nrook_campfire
D:4:      layout_basic, minmay_temple_entry_sparse_star, portal_sewer_entry_d,
          ebering_ghost_reflecting_pool
D:5:      minmay_octagon_keep, layout_loops_ring, good_gods_mini_temple,
          gammafunk_temple_overflow_wave, st_stairs_1
D:6:      layout_loops_ring, chequers_serial_rivers_micro_d, eino_curves_02
D:7:      layout_layer_cave
D:8:      cheibrodos_ideogram_h, layout_basic, hangedman_ru_absence,
          kennysheep_okawaru_gauntlet, enter_bailey_4, uniq_maurice, uniq_pikel
Temple:   jpeg_temple_island

Skill      XL: |  1  2  3  4  5  6  7  8  9 10 |
---------------+-------------------------------+-----
Stealth        | 1 2 3 4 6 7 |  7.7
Unarmed Combat | 1 2 3 4 |  4.1
Long Blades    | 3 4 5 6 |  6.7
Dodging        | 4 5 6 |  6.1
Fighting       | 4 5 |  5.4
Shields        | 4 5 6 |  6.2
Poison Magic   | 3 4 |  4.8
Conjurations   | 2 4 |  4.0
Fire Magic     | 2 4 |  4.0
Spellcasting   | 1 2 |  2.4

Action                   |  1- 3 |  4- 6 |  7- 9 | 10-12 || total
-------------------------+-------+-------+-------+-------++-------
Melee: Long sword        |    45 |   148 |    80 |       ||   273
       Tentacles         |     7 |    32 |    72 |    26 ||   137
       Constrict         |    16 |    54 |    68 |    13 ||   151
       Punch             |       |     2 |     5 |     5 ||    12
       Scimitar          |       |       |   232 |    62 ||   294
       Unarmed           |       |       |    21 |     4 ||    25
Throw: Dart              |       |       |    11 |       ||    11
       Boomerang         |       |       |     2 |       ||     2
Evoke: Wand              |       |       |     2 |     4 ||     6
  Use: Potion            |       |     3 |     5 |     2 ||    10
       Scroll            |       |     5 |    16 |     2 ||    23
 Stab: Sleeping          |     4 |    10 |    25 |     3 ||    42
       Paralysed         |       |       |     4 |     9 ||    13
Armor: Skin              |     2 |    11 |    26 |     8 ||    47
Dodge: Dodged            |    21 |    68 |   128 |    26 ||   243
Block: Kite shield       |    22 |    72 |   162 |    44 ||   300
       Rpst.: Long sword |     9 |    13 |    10 |       ||    32
       Scimitar          |       |       |    31 |     6 ||    37

Table legend: (Time is in decaauts)
 A = Elapsed time spent in this place.
 B = Non-inter-level travel time spent in this place.
 C = Inter-level travel time spent in this place.
 D = Time resting spent in this place.
 E = Time spent auto-exploring this place.
 F = Levels seen in this place.
 G = Mean time per level.
                   A        B        C        D        E       F      G
               +--------+--------+--------+--------+--------+-----+--------+
         Total |  14236 |  14184 |     52 |   5538 |   6296 |  11 | 1294.2 |
       Dungeon |  11432 |  11380 |     52 |   4124 |   5468 |   8 | 1429.0 |
        Temple |    216 |    216 |      0 |      0 |    183 |   1 |  216.0 |
         Sewer |   2194 |   2194 |      0 |   1414 |    405 |   1 | 2194.0 |
        Bailey |    392 |    392 |      0 |      0 |    240 |   1 |  392.0 |
               +--------+--------+--------+--------+--------+-----+--------+

Top non-repeatable levels by time:
     D:7: 3152 daAuts
     D:8: 2277 daAuts
   Sewer: 2194 daAuts
     D:3: 1743 daAuts
     D:5: 1119 daAuts
     D:2: 1056 daAuts
     D:4: 959 daAuts
     D:1: 609 daAuts
     D:6: 515 daAuts
  Bailey: 392 daAuts
  Temple: 216 daAuts
